 Dungeon Sprint DCSS version 0.31-a0-750-gfe7b580527 (webtiles) character file.

Game seed: 14924460035988696280

63676 rocky1 the Shapeless Draconian (level 14, -23/133 HPs)
             Began as a Red Draconian Shapeshifter on Sept 15, 2023.
             Was an Initiate of Gozag.
             Killed from afar by Frederick (92 damage)
             ... with an entropic shot
             ... in the Dungeon (Sprint IX: "|||||||||||||||||||||||||||||").
             The game lasted 00:16:21 (3637 turns).

rocky1 the Shapeless Draconian (DrSh)               Turns: 3637, Time: 00:16:21

Health: -23/133    AC: 15    Str: 21    XL:     14   Next: 68%
Magic:  14/14      EV: 41    Int: 11    God:    Gozag
Gold:   4518       SH:  0    Dex:  6    Spells: 13/13 levels left

rFire   + .          .
                       - Unarmed
rCold   + . .        (shield currently unavailable)
rNeg    . . .        (body armour unavailable)
rPois   ∞            (helmet currently unavailable)
rElec   +            (cloak currently unavailable)
rCorr   .            (gloves currently unavailable)
SInv    +            (boots currently unavailable)
Will    +....        v - amulet "Sochathra" {rElec Regen+ Dex-5 Slay+2 SInv}
Stlth   +            B - ring of protection from fire
HPRegen 1.22/turn    x - ring of protection from cold
MPRegen 0.14/turn

%: no teleportation
@: storm-form, flying, studying Translocations
A: cleaving, insubstantial, flying, (breathe fire), AC +8, unfitting armour,
(fire resistance 1), (cold-blooded)
a: Blinkbolt, Begin Untransformation, Renounce Religion, Potion Petition, Call
Merchant, Bribe Branch


You were in the Dungeon.
You worshipped Gozag.
Gozag was most pleased with you.
You were a lightning-filled tempest!
You visited 1 branch You collected 18458 gold pieces.
You spent 10879 gold pieces at shops.
You paid 3061 gold pieces to Gozag.

Inventory:

Missiles
 y - 5 datura-tipped darts (quivered)
Jewellery
 v - the amulet "Sochathra" (around neck) {rElec Regen+ Dex-5 Slay+2 SInv}
   (You bought it in a shop in the Dungeon)

   [amulet of regeneration]

   Dex-5:     It affects your dexterity (-5).
   Slay+2:    It affects your accuracy & damage with ranged weapons and melee
   (+2).
   rElec:     It insulates you from electricity.
   SInv:      It lets you see invisible.
   Regen+:    It increases your rate of health regeneration.
 x - a ring of protection from cold (right fist)
 B - a ring of protection from fire (left fist)
Talismans
 b - a beast talisman
 c - a flux talisman
 f - a storm talisman (active)
 t - a granite talisman
 u - a talisman of death
Scrolls
 k - 2 scrolls of amnesia
 o - a scroll of revelation
 p - a scroll of identify
 q - 2 scrolls of enchant weapon
 s - 6 scrolls of fear
 F - 2 scrolls of enchant armour
Potions
 a - a potion of lignification
 d - a potion of mutation
 g - 4 potions of magic
 h - 3 potions of resistance
 j - 5 potions of curing
 E - a potion of brilliance


   Skills:
 + Level 14.9 Fighting
 + Level 11.0 Dodging
 + Level 24.1 Unarmed Combat
 O Level 27 Shapeshifting


You had 13 spell levels left.
You didn't know any spells.
Your spell library contained the following spells:

 Spells                   Type           Power      Damage    Failure   Level
 Foxfire                  Conj/Fire      0%         2x1d4     34%         1
 Necrotise                Necr           0%         1d4       34%         1
 Sandblast                Erth           0%         2d4       34%         1
 Slow                     Hex            0%         N/A       34%         1
 Sting                    Tmut/Pois      0%         1d3       34%         1
 Cigotuvi's Dreadful Rot  Necr/Pois/Air  0%         N/A       47%         2
 Poisonous Vapours        Pois/Air       0%         N/A       47%         2
 Scorch                   Fire           0%         2d5       47%         2
 Confusing Touch          Hex            0%         N/A       71%         3
 Frozen Ramparts          Ice            0%         1d1       71%         3
 Ignite Poison            Fire/Tmut/Pois 0%         N/A       71%         3
 Mephitic Cloud           Conj/Pois/Air  0%         N/A       71%         3
 Ozocubu's Armour         Ice            0%         N/A       71%         3
 Sigil of Binding         Hex            0%         N/A       71%         3
 Vampiric Draining        Necr           0%         2d6       71%         3
 Olgreb's Toxic Radiance  Pois           0%         N/A       98%         4
 Petrify                  Tmut/Erth      0%         N/A       98%         4
 Sticky Flame             Conj/Fire      0%         2d3       98%         4
 Borgnjor's Vile Clutch   Necr/Erth      0%         N/A       100%        5
 Fireball                 Conj/Fire      0%         3d3       100%        5
 Freezing Cloud           Conj/Ice/Air   0%         6-21      100%        5
 Irradiate                Conj/Tmut      0%         3d11      100%        5
 Eringya's Noxious Bog    Tmut/Pois      0%         4d6       100%        6
 Monstrous Menagerie      Summ           0%         N/A       100%        7
 Borgnjor's Revivificati  Necr           0%         N/A       100%        8
 Dragon's Call            Summ           0%         N/A       100%        9
 Fire Storm               Conj/Fire      0%         5d1       100%        9
 Sublimation of Blood     Necr           Unusable   N/A       N/A         2
 Simulacrum               Ice/Necr       Unusable   N/A       N/A         6

Dungeon Overview and Level Annotations

Branches:
Dungeon (1/1)

Altars:
Cheibriados
Dithmenos
Elyvilon
Fedhas
Gozag
Hepliaklqana
Kikubaaqudgha
Makhleb
Nemelex Xobeh
Okawaru
Qazlal
Ru
Sif Muna
Trog
Uskayaw
Vehumet
Wu Jian
Xom
Yredelemnul
Zin
The Shining One
Jiyva
Lugonu

Shops:
D (((===

Annotations:
D Frederick


Innate Abilities, Weirdness & Mutations

You are a lightning-filled tempest!
Your electrical attacks strike out in all directions at once.
You are incredibly evasive.
Your insubstantial body is immune to petrification, constriction, and being set on fire You are flying.
Your armour is entirely melded.
You are incapable of wielding weapons or throwing items.
((You can breathe blasts of fire.))
((Your fiery red scales are hard. (AC +8)))
You cannot fit into any form of body armour.
You are immune to poison.
((Your flesh is heat resistant. (rF+)))
((You are cold-blooded and may be slowed by cold attacks.))


Message History

Things that are here:
a +0 morningstar; a +0 ring mail You see here a +0 arbalest.
Things that are here:
a +0 long sword; a +0 scale mail
Items here: )) [[.
Things that are here:
a +0 long sword; a +0 leather armour
Things that are here:
a +0 scale mail; a +0 morningstar; a +0 ring mail
Items here: )) [[.
You see here a +0 rapier.
You see here a +0 dire flail.
Okay, then.
You drop a wand of iceblast (7).
You reach down and open the door.
There is an open door here.
Frederick the Flawless comes into view.
He is wielding a +2 demon trident of draining and wearing a +3 plate armour of fire resistance.
Frederick shouts!
You hear a skittering sound.
Frederick casts a spell.
Frederick summons a servant imbued with his destructive magic!
A broodmother comes into view.
You blast the spellforged servitor!!!!
The spellforged servitor is almost destroyed.
Frederick completely misses you.
You barely miss the spellforged servitor.
The spellforged servitor is almost destroyed.
The spellforged servitor points at you and mumbles some strange words.
The entropic shot hits you!!
You blast the spellforged servitor!!!
You destroy the spellforged servitor!
The spellforged servitor disappears in a puff of smoke!
Frederick gestures at you while chanting.
The entropic shot hits you!!! Frederick casts a spell at you.
The entropic shot hits you!!!!
Ouch! That really hurt!
You die...
Frederick says, "You don't even know how to die right."
Your body crumbles into a pile of gold.

....)............................
▓▓▓▓▓▓▓▓▓▓▓▓▓▓▓▓▓▓▓▓▓▓▓▓▓▓▓♣♣♣♣♣♣
.)))))'....).).)'.........'......
▓▓▓▓▓▓▓▓▓▓▓▓▓▓▓▓▓▓▓▓▓▓▓▓▓▓▓♣♣♣♣♣♣
.................................
▓▓▓▓▓▓▓▓▓▓▓▓▓▓▓▓▓▓▓▓▓▓▓▓▓▓▓▓▓▓▓▓▓
....)))[)))))))'[...........)..))
▓▓▓▓▓▓▓▓▓▓▓▓▓▓▓▓▓▓▓▓▓▓▓▓▓▓▓▓▓▓▓▓▓
................v@s.....
▓▓▓▓▓▓▓▓▓▓▓▓▓▓▓▓▓▓▓▓▓▓▓▓


You could see Frederick and a broodmother.

Vanquished Creatures
  Rupert (D)
  A lich (D)
  Frances (D)
  2 fire giants (D)
  A frost giant (D)
  A deep elf sorcerer (D)
  A vault warden (D)
  3 very ugly things (D)
  An ironbound preserver (D)
  2 ironbound thunderhulks (D)
  A formless jellyfish (D)
  A stone giant (D)
  A deep elf annihilator (D)
  2 spark wasps (D)
  A bunyip (D)
  An eleionoma (D)
  Azrael (D)
  A red draconian (D)
  An ettin (D)
  A merfolk impaler (D)
  A yaktaur captain (D)
  2 great orbs of eyes (D)
  2 rakshasas (D)
  An entropy weaver (D)
  3 hydras (D)
  5 ice dragons (D)
  Erolcha (D)
  A spriggan air mage (D)
  Erica (D)
  An ironbound frostheart (D)
  A centaur warrior (D)
  A deep troll shaman (D)
  2 naga warriors (D)
  A spriggan berserker (D)
  5 orc high priests (D)
  A hell knight (D)
  A pharaoh ant (D)
  A sun moth (D)
  2 spriggan druids (D)
  2 lindwurms (D)
  3 swamp dragons (D)
  4 ironbound convokers (D)
  A deep elf pyromancer (D)
  A necromancer (D)
  A steelbarb worm (D)
  A harpy (D)
  An orc knight (D)
  2 ugly things (D)
  2 salamanders (D)
  3 manticores (D)
  An elephant (D)
  A moth of wrath (D)
  3 vault sentinels (D)
  3 black mambas (D)
  A water nymph (D)
  2 naga magi (D)
  3 cane toads (D)
  An unseen horror (D)
  A freezing wraith (D)
  A kobold demonologist (D)
  2 tengu conjurers (D)
  3 komodo dragons (D)
  2 merfolk (D)
  A hornet (D)
  A meliai (D)
  2 tarantellas (D)
  7 polar bears (D)
  2 tyrant leeches (D)
  2 blink frogs (D)
  2 snapping turtles (D)
  A wraith (D)
  3 slime creatures (D)
  A culicivora (D)
  A yak (D)
  2 wyverns (D)
  4 fire elementals (D)
  A basilisk (D)
  A redback (D)
  A naga (D)
  2 hell hounds (D)
  A water moccasin (D)
  13 orc warriors (D)
  3 black bears (D)
  An ogre (D)
  2 centaurs (D)
  A bullfrog (D)
  A scorpion (D)
  10 orc priests (D)
  4 orc wizards (D)
  A hell rat (D)
  A shadow imp (D)
  8 orcs (D)
  A giant cockroach (D)
  A jackal (D)
  A bat (D)
  A frilled lizard (D)
  A rat (D)
188 creatures vanquished.

Vanquished Creatures (others)
  A centaur warrior (D)
  A troll (D)
2 creatures vanquished.

Grand Total: 190 creatures vanquished

Notes
Turn   | Place    | Note
-------+----------+-------------------------------------------
     0 | D        | rocky1 the Draconian Shapeshifter began the quest for the
                  | Orb.
     0 | D        | Reached XP level 1. HP: 16/16 MP: 1/1
   124 | D        | Noticed an ogre
   124 | D        | Noticed a scorpion
   124 | D        | Noticed a centaur
   130 | D        | Killed a centaur
   131 | D        | Reached skill level 4 in Shapeshifting
   131 | D        | Reached XP level 2. HP: 12/26 MP: 2/2
   131 | D        | Reached XP level 3. HP: 14/31 MP: 3/3
   131 | D        | Reached XP level 4. HP: 17/38 MP: 4/4
   138 | D        | Killed a scorpion
   139 | D        | Reached skill level 5 in Shapeshifting
   139 | D        | Reached XP level 5. HP: 30/46 MP: 5/5
   147 | D        | Killed an ogre
   148 | D        | Reached skill level 6 in Shapeshifting
   309 | D        | Found a snail-covered altar of Cheibriados.
   309 | D        | Found a shadowy altar of Dithmenos.
   309 | D        | Found a white marble altar of Elyvilon.
   309 | D        | Found a blossoming altar of Fedhas.
   309 | D        | Found an opulent altar of Gozag.
   310 | D        | Found a hazy altar of Hepliaklqana.
   311 | D        | Found a viscous altar of Jiyva.
   312 | D        | Found an ancient bone altar of Kikubaaqudgha.
   313 | D        | Found a corrupted altar of Lugonu.
   314 | D        | Found a burning altar of Makhleb.
   315 | D        | Found a sparkling altar of Nemelex Xobeh.
   316 | D        | Found an iron altar of Okawaru.
   317 | D        | Found a stormy altar of Qazlal.
   319 | D        | Became a worshipper of Gozag Ym Sagoz the Greedy
   321 | D        | Found a sacrificial altar of Ru.
   322 | D        | Found a shimmering blue altar of Sif Muna.
   323 | D        | Found a bloodstained altar of Trog.
   324 | D        | Found a hide-covered altar of Uskayaw.
   325 | D        | Found a radiant altar of Vehumet.
   326 | D        | Found an ornate altar of the Wu Jian Council.
   327 | D        | Found a shimmering altar of Xom.
   328 | D        | Found a basalt altar of Yredelemnul.
   329 | D        | Found a glowing silver altar of Zin.
   330 | D        | Found a glowing golden altar of the Shining One.
   376 | D        | Noticed a hornet
   376 | D        | Noticed a centaur
   376 | D        | Noticed a wraith
   376 | D        | Noticed an orc warrior
   385 | D        | Killed an unseen horror
   386 | D        | Reached skill level 7 in Shapeshifting
   386 | D        | Reached XP level 6. HP: 50/57 MP: 6/6
   388 | D        | Killed an orc warrior
   389 | D        | Your scales start taking on a fiery red colour.
   389 | D        | Reached XP level 7. HP: 57/64 MP: 7/7
   389 | D        | Gained mutation: Your flesh is heat resistant. (rF+) [Red
                  | Draconian growth]
   400 | D        | Killed a wraith
   405 | D        | Killed a hornet
   406 | D        | Reached skill level 5 in Dodging
   406 | D        | Reached skill level 8 in Shapeshifting
   407 | D        | Reached XP level 8. HP: 38/73 MP: 8/8
   504 | D        | Noticed a slime creature
   504 | D        | Noticed a kobold demonologist
   504 | D        | Noticed a manticore
   504 | D        | Noticed a troll
   504 | D        | Noticed a centaur warrior
   510 | D        | Killed a troll
   511 | D        | Killed a centaur warrior
   515 | D        | Killed a manticore
   516 | D        | Reached skill level 15 in Unarmed Combat
   516 | D        | Reached skill level 9 in Shapeshifting
   516 | D        | Reached XP level 9. HP: 50/82 MP: 9/9
   525 | D        | Killed a kobold demonologist
   840 | D        | Noticed a komodo dragon
   840 | D        | Noticed a komodo dragon
   840 | D        | Noticed a cane toad
   847 | D        | Killed a cane toad
   859 | D        | Noticed a komodo dragon
   861 | D        | Killed a komodo dragon
   866 | D        | Killed a komodo dragon
   879 | D        | Killed a komodo dragon
   880 | D        | Reached skill level 10 in Shapeshifting
   880 | D        | Reached XP level 10. HP: 28/91 MP: 10/10
  1181 | D        | Noticed a cane toad
  1181 | D        | Noticed a black mamba
  1181 | D        | Noticed an elephant
  1186 | D        | Killed an elephant
  1195 | D        | Noticed a cane toad
  1197 | D        | Killed a black mamba
  1198 | D        | Reached skill level 10 in Fighting
  1201 | D        | Killed a cane toad
  1215 | D        | Killed a cane toad
  1422 | D        | Noticed Erica
  1428 | D        | Killed Erica
  1429 | D        | Reached XP level 11. HP: 100/101 MP: 11/11
  1471 | D        | Noticed a stone giant
  1484 | D        | Reached skill level 11 in Shapeshifting
  1488 | D        | Killed a stone giant
  1513 | D        | Noticed an orc knight
  1521 | D        | Killed an orc knight
  1644 | D        | Bought a granite talisman for 1120 gold pieces
  1644 | D        | Bought a talisman of death for 1591 gold pieces
  1644 | D        | Bought the amulet "Sochathra" {rElec Regen+ Dex-5 Slay+2
                  | SInv} for 645 gold pieces
  1644 | D        | Bought a +4 ring of protection for 504 gold pieces
  1644 | D        | Bought a ring of protection from cold for 350 gold pieces
  1856 | D        | Found Kayckar's Jewellery Boutique.
  1856 | D        | Noticed an orc high priest
  1856 | D        | Noticed an orc high priest
  1868 | D        | Killed an orc high priest
  1869 | D        | Noticed an orc high priest
  1870 | D        | Found Mitamn's Antique Weapon Shop.
  1871 | D        | Noticed a sun demon
  1872 | D        | Killed an orc high priest
  1927 | D        | Killed an orc high priest
  1994 | D        | Found Ruaf Fae's Weapon Boutique.
  1998 | D        | Found Xewetwoys's Weapon Shop.
  2002 | D        | Noticed an orc high priest
  2003 | D        | Noticed an orc high priest
  2010 | D        | Noticed a sixfirhy
  2011 | D        | Killed an orc high priest
  2017 | D        | Killed an orc high priest
  2054 | D        | Bought 5 datura-tipped darts for 63 gold pieces
  2214 | D        | Noticed Erolcha
  2219 | D        | Killed Erolcha
  2298 | D        | Noticed a deep elf pyromancer
  2298 | D        | Noticed a white ugly thing
  2298 | D        | Noticed a centaur warrior
  2303 | D        | Reached skill level 12 in Shapeshifting
  2307 | D        | Noticed a lich
  2309 | D        | Killed a centaur warrior
  2310 | D        | Killed a white ugly thing
  2315 | D        | Reached XP level 12. HP: 100/113 MP: 12/12
  2315 | D        | Noticed a cyan very ugly thing
  2320 | D        | Killed a lich
  2321 | D        | Noticed a rakshasa
  2323 | D        | Noticed a spark wasp
  2329 | D        | Reached skill level 13 in Shapeshifting
  2329 | D        | Noticed an ice dragon
  2336 | D        | Killed a cyan very ugly thing
  2337 | D        | Reached skill level 14 in Shapeshifting
  2342 | D        | Killed a rakshasa
  2349 | D        | Killed a spark wasp
  2350 | D        | Reached skill level 15 in Shapeshifting
  2357 | D        | Killed an ice dragon
  2521 | D        | Noticed Rupert
  2531 | D        | Killed Rupert
  2532 | D        | Reached skill level 16 in Shapeshifting
  2576 | D        | Noticed Azrael
  2588 | D        | Killed Azrael
  2589 | D        | Reached skill level 17 in Shapeshifting
  2681 | D        | Noticed a bunyip
  2681 | D        | Noticed an eleionoma
  2687 | D        | Killed an eleionoma
  2689 | D        | Noticed a five-headed hydra
  2695 | D        | Killed a bunyip
  2696 | D        | Reached skill level 18 in Shapeshifting
  2701 | D        | Noticed a four-headed hydra
  2703 | D        | Reached XP level 13. HP: 115/122 MP: 13/13
  2708 | D        | Reached skill level 19 in Shapeshifting
  2745 | D        | Bought a storm talisman for 2046 gold pieces
  2769 | D        | Reached skill level 20 in Shapeshifting
  2809 | D        | Noticed a merfolk impaler
  2819 | D        | Killed a merfolk impaler
  2824 | D        | Reached skill level 21 in Shapeshifting
  2892 | D        | Reached skill level 22 in Shapeshifting
  3000 | D        | Noticed Frances
  3015 | D        | Killed Frances
  3059 | D        | Bought the Annotations on the Productive Volley for 480
                  | gold pieces
  3059 | D        | Bought the Discourse on Poisoning for 408 gold pieces
  3059 | D        | Bought Reruep's Directory of Grey Cinders for 408 gold
                  | pieces
  3059 | D        | Bought a book of Alchemy for 336 gold pieces
  3059 | D        | Bought the Opusculum on Spooky Arts for 336 gold pieces
  3059 | D        | Bought a manual of Translocations for 960 gold pieces
  3059 | D        | Bought the Guidebook on the Summer for 576 gold pieces
  3059 | D        | Bought a book of Debilitation for 336 gold pieces
  3059 | D        | Bought a book of Vapours for 312 gold pieces
  3059 | D        | Bought the Verses on Deathly Hail for 408 gold pieces
  3073 | D        | Reached skill level 23 in Shapeshifting
  3084 | D        | Noticed a fire giant
  3084 | D        | Noticed a frost giant
  3087 | D        | Killed a frost giant
  3099 | D        | Killed a fire giant
  3100 | D        | Reached skill level 24 in Shapeshifting
  3100 | D        | Noticed an ettin
  3111 | D        | Noticed a purple very ugly thing
  3113 | D        | Killed an ettin
  3114 | D        | Reached XP level 14. HP: 93/129 MP: 14/14
  3118 | D        | Killed a purple very ugly thing
  3119 | D        | Noticed a fire giant
  3120 | D        | Noticed a cyan very ugly thing
  3143 | D        | Killed a fire giant
  3144 | D        | Reached skill level 25 in Shapeshifting
  3146 | D        | Killed a cyan very ugly thing
  3463 | D        | Reached skill level 26 in Shapeshifting
  3476 | D        | Noticed an ironbound thunderhulk
  3479 | D        | Noticed an ironbound preserver
  3483 | D        | Noticed a vault warden
  3489 | D        | Noticed an ironbound thunderhulk
  3490 | D        | Killed an ironbound preserver
  3492 | D        | Noticed a formless jellyfish
  3495 | D        | Killed a vault warden
  3496 | D        | Reached skill level 27 in Shapeshifting
  3500 | D        | Killed a formless jellyfish
  3500 | D        | Killed an ironbound thunderhulk
  3504 | D        | Killed an ironbound thunderhulk
  3507 | D        | Reached skill level 10 in Dodging
  3513 | D        | Noticed a deep elf sorcerer
  3531 | D        | Killed a deep elf sorcerer
  3630 | D        | Noticed Frederick
  3632 | D        | Noticed a broodmother
  3637 | D        | Killed from afar by Frederick

Illustrated notes

Levels and vault maps discovered:
D:        linesprint [early_d, line_temple, items_1, d_10, items_2, lair_1,
          lair_end, items_3, orc_1, orc_end, items_4, d_15, swamp_1, shoals_1,
          snake_1, spider_1, d_20, vaults_1, items_5, swamp_end, shoals_end,
          snake_end, spider_end, vaults_end, d_27, items_6, zot_1, zot_end,
          crypt_end, forest_end, elf_end, slime_end, tomb_end, abyss_end,
          pan_hell_end]

Skill      XL: |  1  2  3  4  5  6  7  8  9 10 11 12 13 14 |
---------------+-------------------------------------------+-----
Fighting       | 3 4 6 7 8 9 10 12 13 14 | 14.9
Dodging        | 2 3 4 5 6 7 8 9 11 | 11.0
Unarmed Combat | 6 7 11 13 15 17 20 23 24 | 24.1
Shapeshifting  | 4 5 7 8 9 10 12 18 24 27 | 27.0

Action                     |  1- 3 |  4- 6 |  7- 9 | 10-12 | 13-15 || total
---------------------------+-------+-------+-------+-------+-------++-------
  Melee: Unarmed           |    19 |    21 |    64 |   204 |   221 ||   529
         Tailslap          |     2 |     4 |     7 |    34 |    20 ||    67
         Punch             |       |     1 |     8 |    16 |    29 ||    54
 Invoke: Potion Petition   |       |       |       |     3 |     1 ||     4
         Call Merchant     |       |       |       |     1 |     2 ||     3
Ability: Breathe Fire      |       |       |     2 |     3 |       ||     5
  Evoke: Wand              |       |       |       |     3 |       ||     3
    Use: Potion            |       |     4 |     2 |     2 |     4 ||    12
         Scroll            |       |       |       |     1 |     2 ||     3
   Stab: Invisible         |       |       |     3 |     5 |       ||     8
         Distracted        |       |       |     1 |     3 |     4 ||     8
 Armour: Skin              |    16 |    23 |    26 |    79 |   178 ||   322
  Dodge: Dodged            |    11 |     8 |    26 |    67 |   109 ||   221
   Form: Statue            |       |       |       |     2 |       ||     2
         Beast             |       |       |       |     1 |       ||     1
         Storm             |       |       |       |       |     1 ||     1

Table legend: (Time is in decaauts)
 A = Elapsed time spent in this place.
 B = Non-inter-level travel time spent in this place.
 C = Inter-level travel time spent in this place.
 D = Time resting spent in this place.
 E = Time spent auto-exploring this place.
 F = Levels seen in this place.
 G = Mean time per level.
                   A        B        C        D        E       F      G
               +--------+--------+--------+--------+--------+-----+--------+
         Total |   3766 |   3766 |      0 |   1720 |      0 |   1 | 3766.0 |
       Dungeon |   3766 |   3766 |      0 |   1720 |      0 |   1 | 3766.0 |
               +--------+--------+--------+--------+--------+-----+--------+

Top non-repeatable levels by time:
       D: 3766 daAuts
